 Dungeon Crawl Stone Soup version 0.22.0 (webtiles) character file.

121 Sogov the Magician (level 4, -3/24 HPs)
             Began as a Deep Elf Fire Elementalist on Aug 10, 2018.
             Killed by nerve-wracking pain
             ... invoked by an orc priest
              (13 damage)
             ... on level 4 of the Dungeon.
             The game lasted 00:06:01 (3457 turns).

Sogov the Magician (Deep Elf Fire Elementalist)     Turns: 3457, Time: 00:06:02

Health: -3/24      AC:  4    Str:  6    XL:     4   Next: 77%
Magic:  11/12      EV: 12    Int: 20    God:
Gold:   178        SH:  3    Dex: 15    Spells: 1/11 levels left

rFire    . . .     SeeInvis .   q - +0 falchion (slice)
rCold    . . .     Gourm    .   t - +0 buckler
rNeg     . . .     Faith    .   a - +0 robe
rPois    .         Spirit   .   h - +0 helmet
rElec    .         Reflect  .   (no cloak)
rCorr    .         Harm     .   g - +0 pair of gloves
MR       .....                  (no boots)
Stlth    +++.......             (no amulet)
HPRegen  0.08/turn              f - ring of stealth
MPRegen  0.13/turn              (no ring)

@: no status effects
A: no striking features
a: no special abilities


You were on level 4 of the Dungeon.
You were not hungry.

You visited 1 branch of the dungeon, and saw 4 of its levels.

You collected 178 gold pieces.

Inventory:

Hand Weapons
 q - a +0 falchion of slicing (weapon)
Armour
 a - a +0 robe (worn)
 g - a +0 pair of gloves (worn)
 h - a +0 helmet (worn)
 t - a +0 buckler (worn)
Jewellery
 f - a ring of stealth (left hand)
Scrolls
 k - a scroll of fear
 n - a scroll of amnesia
 o - a scroll of teleportation
Potions
 b - 2 potions of curing
 i - a potion of flight {unknown}
 l - a potion of haste {unknown}
 m - 3 potions of brilliance
 p - a potion of degeneration {unknown}
 r - 2 potions of heal wounds {unknown}
 s - a potion of might {unknown}
Comestibles
 c - 8 rations
 j - 2 chunks of flesh


   Skills:
 - Level 2.4 Dodging
 - Level 2.4 Stealth
 + Level 0.0 Shields
 + Level 4.2 Spellcasting
 * Level 3.7 Conjurations
 + Level 4.1 Fire Magic


You had one spell level left.
You knew the following spells:

 Your Spells              Type           Power        Failure   Level  Hunger
a - Flame Tongue          Conj/Fire      ###..        4%          1    None
b - Throw Flame           Conj/Fire      ###...       6%          2    #......
c - Conjure Flame         Conj/Fire      ###.....     13%         3    ###....
d - Sticky Flame          Conj/Fire      ###.....     38%         4    ####...

Your spell library contained the following spells:

 Spells                   Type           Power        Failure   Level  Hunger
 Fireball                 Conj/Fire      ###.......   75%         5    ######.
 Inner Flame              Hex/Fire       ##......     26%         3    ###....


Dungeon Overview and Level Annotations

Branches:
Dungeon (4/15)
 Temple: D:4-7

Altars:
Fedhas
Trog


Message History

You climb downwards.
A worker ant, an orc and 3 orc priests come into view.
The orc priest shouts!
The orc shouts!
The orc priest shouts! x2
Found 26 gold pieces and a pair of boots.
There is a stone staircase leading up here.
Casting: Flame Tongue (safe; 4% risk of failure)
Confirm with . or Enter, or press ? or * to list all spells.
Aiming: Flame Tongue (safe; 4% risk of failure)
Press: ? - help, Shift-Dir - straight line, f - worker ant
Aim: a worker ant (hasn't noticed you)
The flame tongue hits the worker ant.
The worker ant appears unharmed.
The worker ant twitches its antennae in your direction.
The orc priest calls down the wrath of Beogh upon you.
Beogh smites you!
Ouch! That really hurt!
The orc priest casts a cantrip, but nothing happens.
The orc priest mumbles some strange prayers to Beogh against you.
Pain shoots through your body!
Ouch! That really hurt!
You die...

##. .$.
#.. .[ #..
..
..####^##
# .......
#.#....#
#...a..#
#.@..#
#......o.o
#......#.#
#....#oo..
#....# ##$
######


You could see a worker ant, 3 orc priests and an orc.

Vanquished Creatures
  4 adders
  An ooze (D:1)
  2 dart slugs
  2 leopard geckos
  2 orcs
  6 giant cockroaches
  10 goblins
  5 hobgoblins
  6 jackals
  4 quokkas
  6 bats
  5 frilled lizards
  4 kobolds
  16 rats
73 creatures vanquished.

Notes
Turn   | Place    | Note
-------+----------+-------------------------------------------
     0 | D:1      | Sogov the Deep Elf Fire Elementalist began the quest for the Orb.
     0 | D:1      | Reached XP level 1. HP: 10/10 MP: 6/6
   144 | D:1      | Reached XP level 2. HP: 6/15 MP: 1/8
   824 | D:1      | Reached XP level 3. HP: 19/19 MP: 1/10
  1709 | D:2      | Found a bloodstained altar of Trog.
  1748 | D:2      | Reached XP level 4. HP: 12/24 MP: 2/11
  2082 | D:2      | Learned a level 2 spell: Throw Flame
  2086 | D:2      | Learned a level 3 spell: Conjure Flame
  2091 | D:2      | Learned a level 4 spell: Sticky Flame
  2917 | D:3      | Found a blossoming altar of Fedhas.
  2932 | D:3      | Found a faded altar of an unknown god.
  3457 | D:4      | Killed from afar by an orc priest

Skill      XL: |  1  2  3  4 |
---------------+-------------+-----
Conjurations   | 2 3 |  3.7
Spellcasting   | 4 |  4.2
Fire Magic     | 4 |  4.1
Dodging        | |  2.4
Stealth        | |  2.4

Action                   |  1- 3 |  4- 6 || total
-------------------------+-------+-------++-------
Melee: Unarmed           |    22 |       ||    22
       Short sword       |     5 |       ||     5
 Cast: Flame Tongue      |    71 |    54 ||   125
  Use: Scroll            |       |     5 ||     5
  Eat: Chunk             |     2 |     6 ||     8
Armor: Robe              |    14 |     1 ||    15
Dodge: Dodged            |    33 |    13 ||    46
       Rpst.: Falchion   |       |     1 ||     1
